 Dungeon Crawl Stone Soup version 0.22.1-1-ga44c0e56f4 (webtiles) character file.

177 Jynx the Changer (level 5, -6/33 HPs)
             Began as an Octopode Transmuter on Nov 1, 2018.
             Mangled by an ogre
             ... wielding a +0 giant club
              (25 damage)
             ... on level 3 of the Dungeon.
             The game lasted 00:04:35 (2464 turns).

Jynx the Changer (Octopode Transmuter)              Turns: 2464, Time: 00:04:35

Health: -6/33      AC:  2    Str:  9    XL:     5   Next: 57%
Magic:  6/9        EV: 21    Int: 15    God:
Gold:   154        SH:  0    Dex: 19    Spells: 4/10 levels left

rFire    + . .     SeeInvis .     - Unarmed
rCold    . . .     Gourm    +   (shield currently unavailable)
rNeg     . . .     Faith    .   (helmet currently unavailable)
rPois    x         Spirit   .   d - amulet of the gourmand
rElec    .         Reflect  .   o - ring of protection from fire
rCorr    .         Harm     .   (no ring)
MR       .....                  (no ring)
Stlth    ++........             (no ring)
HPRegen  0.11/turn              (no ring)
MPRegen  0.11/turn              (no ring)
                                (no ring)
                                (no ring)

@: spider-form
A: tiny, almost no armour, stealthy swim, (amphibious), 8 rings, (constrict 8)
a: End Transformation


You were on level 3 of the Dungeon.
You were not hungry.
You were a venomous arachnid creature.
You visited 1 branch of the dungeon, and saw 3 of its levels.

You collected 154 gold pieces.

Inventory:

Missiles
 a - 15 arrows
Jewellery
 d - an amulet of the gourmand (around neck)
 o - a ring of protection from fire (left front leg)
Wands
 h - a wand of iceblast (4)
Scrolls
 b - a scroll of noise {unknown}
 f - a scroll of identify
 i - 4 scrolls of teleportation
 k - 6 scrolls of remove curse
 l - a scroll of amnesia {unknown}
 m - a scroll of enchant weapon {unknown}
Potions
 e - a potion of lignification {unknown}
 g - 2 potions of agility {unknown}
 j - 3 potions of haste
 n - a potion of degeneration {unknown}
Comestibles
 c - 2 rations


   Skills:
 - Level 1.0 Fighting
 + Level 3.2 Dodging
 - Level 3.0 Unarmed Combat
 + Level 3.0 Spellcasting
 * Level 4.2 Transmutations


You had 4 spell levels left.
You knew the following spells:

 Your Spells              Type           Power        Failure   Level  Hunger
a - Beastly Appendage     Tmut           ##....       12%         1    #......
b - Sticks to Snakes      Tmut           ##......     16%         2    ##.....
c - Spider Form           Tmut/Pois      #.........   47%         3    ###....

Your spell library contained the following spells:

 Spells                   Type           Power        Failure   Level  Hunger
 Ice Form                 Ice/Tmut       #.......     82%         4    #####..
 Blade Hands              Tmut           ##........   86%         5    ######.


Dungeon Overview and Level Annotations

Branches:
Dungeon (3/15)

Altars:
Ru


Innate Abilities, Weirdness & Mutations

You cannot wear most types of armour.
You are very stealthy in the water. (Stealth+)
((You are amphibious.))
You can wear up to eight rings at the same time.
((You can use your tentacles to constrict eight enemies at once.))
((Your skin changes colour to match your surroundings (Stealth+).))
((Your rubbery body absorbs attacks. (AC +1, EV +1)))


Message History

Your adder bites the ogre.
The ogre completely misses your adder.
Your adder barely misses the ogre.
Your adder withers and dies!
There is a stone staircase leading up here.
You climb upwards.
There is a stone staircase leading down here.
You start resting.
Magic restored.
You start resting.
HP restored.
Casting: Spider Form (safe; 26% risk of failure)
Confirm with . or Enter, or press ? or * to list all spells.
You turn into a venomous arachnid creature.
You climb downwards.
The ogre hits you with a giant club!
There is a stone staircase leading up here.
You hit the ogre.
The ogre is poisoned.
The ogre is lightly wounded.
The ogre hits you with a giant club!!
Ouch! That really hurt!
You die...

#..#.#.>..................
. #......................
...........#........#..
.#.#.###....##.##.##....
......###................
###.##.#.##..####.###...
####.##.#.###.## #.# ...
...............# #.# ...
#.....s###.#.###.#
....##O## #.#..##.#
##..##.####.##.##.###.#
#...............).....
#..##.###..###.#.###.#
#... #.. ##.# #...# #..
#.. #.# ##..# +. ...# #.#
##..###+## # ##.# #.#
#..>......


You could see an ogre.

Vanquished Creatures
  Natasha (twice) (D:3)
  4 gnolls
  5 adders
  A worm (D:2)
  4 leopard geckos
  A ball python (D:1)
  A giant cockroach (D:1)
  4 goblins
  3 hobgoblins
  3 kobolds
  5 bats
  6 frilled lizards
  10 rats
49 creatures vanquished.

Notes
Turn   | Place    | Note
-------+----------+-------------------------------------------
     0 | D:1      | Jynx the Octopode Transmuter began the quest for the Orb.
     0 | D:1      | Reached XP level 1. HP: 13/13 MP: 3/3
    26 | D:1      | Reached XP level 2. HP: 15/18 MP: 3/5
   436 | D:1      | Reached XP level 3. HP: 18/23 MP: 6/6
   574 | D:1      | Learned a level 2 spell: Sticks to Snakes
   578 | D:1      | Learned a level 3 spell: Spider Form
   627 | D:2      | Reached skill level 3 in Transmutations
   718 | D:2      | Found a sacrificial altar of Ru.
  1007 | D:2      | Reached XP level 4. HP: 23/28 MP: 4/7
  1408 | D:3      | Noticed Natasha
  1428 | D:3      | Killed Natasha
  1428 | D:3      | Reached XP level 5. HP: 6/33 MP: 9/9
  1662 | D:3      | Noticed Natasha
  1675 | D:3      | Killed Natasha
  1675 | D:3      | Reached skill level 4 in Transmutations
  2172 | D:3      | Noticed an ogre
  2464 | D:3      | Mangled by an ogre

Skill      XL: |  1  2  3  4  5 |
---------------+----------------+-----
Transmutations | 3 4 |  4.2
Dodging        | 3 |  3.2
Spellcasting   | 3 |  3.0
Fighting       | |  1.0
Unarmed Combat | |  3.0

Action                   |  1- 3 |  4- 6 || total
-------------------------+-------+-------++-------
Melee: Unarmed           |    71 |    55 ||   126
       Constrict         |    21 |     8 ||    29
       Kick              |    10 |     6 ||    16
       Tentacles         |     7 |     3 ||    10
       Punch             |     2 |     3 ||     5
 Cast: Beastly Appendage |     9 |     8 ||    17
       Spider Form       |     2 |     4 ||     6
       Sticks to Snakes  |       |     2 ||     2
  Use: Scroll            |     5 |     1 ||     6
 Stab: Sleeping          |     5 |     2 ||     7
  Eat: Chunk             |     3 |     6 ||     9
Armor: Skin              |    12 |     1 ||    13
Dodge: Dodged            |    52 |    44 ||    96
